 Dungeon Crawl Stone Soup version 0.28-a0-595-g9f6c0e134a (webtiles) character file.

Game seed: 2464875808646492424

81 iamoutofideas the Chopper (level 4, -1/38 HPs)
             Began as a Hill Orc Gladiator on Oct 4, 2021.
             Slain by a gnoll (5 damage)
             ... on level 2 of the Dungeon.
             The game lasted 00:02:50 (1985 turns).

iamoutofideas the Chopper (Hill Orc Gladiator)      Turns: 1985, Time: 00:02:51

Health: -1/38      AC:  4    Str: 17    XL:     4   Next: 42%
Magic:  4/4        EV: 12    Int:  8    God:
Gold:   49         SH:  0    Dex: 12    Spells: 3/3 levels left

rFire   . . .      SeeInvis .   a - +0 war axe
rCold   . . .      Faith    .   (no shield)
rNeg    . . .      Spirit   .   b - +0 leather armour
rPois   .          Reflect  .   c - +0 helmet
rElec   .          Harm     .   (no cloak)
rCorr   .          Rampage  .   (no gloves)
Will    .....                   (no boots)
Stlth   +.........              (no amulet)
HPRegen 0.12/turn               (no ring)
MPRegen 0.09/turn               (no ring)

@: no status effects
A: no striking features
a: no special abilities


You were on level 2 of the Dungeon.
You visited 1 branch of the dungeon, and saw 2 of its levels.

You collected 49 gold pieces.

Inventory:

Hand Weapons
 a - a +0 war axe (weapon)
Missiles
 d - 3 throwing nets (quivered)
Armour
 b - a +0 leather armour (worn)
 c - a +0 helmet (worn)
Scrolls
 e - a scroll of blinking {unknown}
 f - a scroll of enchant armour {unknown}
 h - a scroll of vulnerability {unknown}
Potions
 g - a potion of attraction {unknown}
 i - a potion of might {unknown}
 j - a potion of brilliance {unknown}


   Skills:
 + Level 3.0 Fighting
 * Level 5.6 Axes
 - Level 1.9 Throwing
 - Level 0.5 Armour
 - Level 2.9 Dodging


You had 3 spell levels left.
You didn't know any spells.
Your spell library was empty.

Dungeon Overview and Level Annotations

Branches:
Dungeon (2/15)

Altars:


Message History

The bat is severely wounded.
The bat closely misses you.
A gnoll comes into view. It is wielding a +0 spear.
The gnoll hits you with a +0 club.
A gnoll comes into view. It is wielding a +0 spear.
The gnoll shouts!
The bat misses you. The gnoll barely misses you. x2
There are monsters nearby!
There are monsters nearby!
You hit the bat.
The bat is severely wounded.
You barely miss the worm. You barely miss the gnoll. The bat barely misses you.
The gnoll misses you. The gnoll completely misses you.
A gnoll comes into view. It is wielding a +0 spear.
The worm barely misses you. The bat barely misses you. The bat misses you.
The bat barely misses you. The bat hits you but does no damage.
The bat barely misses you. The gnoll barely misses you.
The gnoll closely misses you. The gnoll misses you. The bat closely misses you.
The gnoll hits you with a +0 club.
The gnoll hits you from afar with a +0 spear.
The gnoll completely misses you. The gnoll misses you.
You barely miss the bat.
The bat is severely wounded.
You closely miss the gnoll. You hit the gnoll.
The bat hits you but does no damage. The gnoll barely misses you.
The gnoll hits you from afar with a +0 spear.
The gnoll hits you with a +0 spear.
The gnoll hits you from afar with a +0 spear.
* * * LOW HITPOINT WARNING * * *
The bat completely misses you. The bat hits you.
* * * LOW HITPOINT WARNING * * *
The gnoll closely misses you.
The gnoll hits you from afar with a +0 spear.
* * * LOW HITPOINT WARNING * * *
You closely miss the bat.
The bat is severely wounded.
You hit the gnoll. The bat closely misses you.
The gnoll hits you with a +0 club.
You die...

####...# ###
>.....### ...
###.......#
#..#.......#
###..#.......#
.............#
##..#.wggg#.# #
#...g.# # ####@##
#.# ##b##
###.[.#####.#
#...#........
#.#...#####).
#.#...##
.##..#.#.####..##
........(........


You could see a worm, 4 gnolls and a bat.

Vanquished Creatures
  5 gnolls (D:1)
  3 bats
  2 endoplasms
  4 giant cockroaches (D:1)
  3 goblins (D:1)
  2 hobgoblins
  5 kobolds
  5 ball pythons
  2 frilled lizards
  3 rats
34 creatures vanquished.

Vanquished Creatures (others)
  9 fungi (D:2)
  4 toadstools (D:2)
13 creatures vanquished.

Grand Total: 47 creatures vanquished

Notes
Turn   | Place    | Note
-------+----------+-------------------------------------------
     0 | D:1      | iamoutofideas the Hill Orc Gladiator began the quest for
                  | the Orb.
     0 | D:1      | Reached XP level 1. HP: 18/18 MP: 1/1
    13 | D:1      | Found a faded altar of an unknown god.
   311 | D:1      | Reached XP level 2. HP: 18/25 MP: 2/2
   786 | D:1      | Reached XP level 3. HP: 3/30 MP: 3/3
  1462 | D:1      | Reached skill level 5 in Axes
  1611 | D:1      | Reached XP level 4. HP: 13/37 MP: 4/4
  1614 | D:1      | HP: 1/37 [gnoll (3)]
  1985 | D:2      | Slain by a gnoll

Illustrated notes

Levels and vault maps discovered:
D:1:      lordsloth_arrival_two_stooges, layout_rooms, basic_ecumenical_altar
D:2:      layout_loops_ring, chequers_serial_rivers_large_a,
          kennysheep_another_room, grunt_ministairs_4, minmay_gold_behind_fungi,
          serial_park_tiny_pond

Skill      XL: |  1  2  3  4 |
---------------+-------------+-----
Axes           | 5 |  5.6
Fighting       | 3 |  3.0
Throwing       | |  1.9
Armour         | |  0.5
Dodging        | |  2.9

Action                   |  1- 3 |  4- 6 || total
-------------------------+-------+-------++-------
Melee: War axe           |    96 |    29 ||   125
  Use: Potion            |       |     2 ||     2
Armor: Leather armour    |    53 |    16 ||    69
Dodge: Dodged            |   117 |    39 ||   156

Table legend: (Time is in decaauts)
 A = Elapsed time spent in this place.
 B = Non-inter-level travel time spent in this place.
 C = Inter-level travel time spent in this place.
 D = Time resting spent in this place.
 E = Time spent auto-exploring this place.
 F = Levels seen in this place.
 G = Mean time per level.
                   A        B        C        D        E       F      G
               +--------+--------+--------+--------+--------+-----+--------+
         Total |   2021 |   1983 |     38 |    586 |   1033 |   2 | 1010.5 |
       Dungeon |   2021 |   1983 |     38 |    586 |   1033 |   2 | 1010.5 |
               +--------+--------+--------+--------+--------+-----+--------+

Top non-repeatable levels by time:
     D:1: 1837 daAuts
     D:2: 183 daAuts
